 Dungeon Sprint DCSS version 0.23.2-11-gf996548c65 (webtiles) character file.

Game seed: 2787054681151184363

1509 wilfster70 the Unseen (level 8, -7/36 HPs)
             Began as a Spriggan Enchanter on June 6, 2019.
             Was an Initiate of Gozag.
             Mangled by a centaur warrior (14 damage)
             ... in the Dungeon (Sprint I: "Red Sonja").
             The game lasted 00:02:48 (726 turns).

wilfster70 the Unseen (Spriggan Enchanter)           Turns: 726, Time: 00:02:48

Health: -7/36      AC:  2    Str:  4    XL:     8   Next: 53%
Magic:  17/21      EV: 18    Int: 16    God:    Gozag
Gold:   716        SH:  0    Dex: 19    Spells: 17/23 levels left

rFire    . . .     SeeInvis +   a - +1 dagger
rCold    . . .     Gourm    .   (shield restricted)
rNeg     . . .     Faith    .   b - +0 robe
rPois    .         Spirit   .   (helmet restricted)
rElec    .         Reflect  .   (no cloak)
rCorr    .         Harm     .   (gloves unavailable)
MR       +....     NoTele   +   (boots unavailable)
Stlth    ++++......             (no amulet)
HPRegen  0.12/turn              (no ring)
MPRegen  0.17/turn              (no ring)

@: slow
A: very small, unfitting armour, see invisible, herbivore, speed 3, slow
metabolism 2
a: Potion Petition, Call Merchant, Bribe Branch, Renounce Religion


You were in the Dungeon.
You worshipped Gozag.
Gozag was pleased with you.
You were not hungry.

You visited 1 branch You collected 716 gold pieces.

Inventory:

Hand Weapons
 a - a +1 dagger (weapon)
Armour
 b - a +0 robe (worn)
Scrolls
 c - 2 scrolls of remove curse {unknown}
 j - 2 scrolls of blinking
Potions
 e - a potion of curing
 f - a potion of heal wounds
 g - a potion of haste
 h - 2 potions of magic
 i - a potion of agility {unknown}
 k - 2 potions of lignification {unknown}
Comestibles
 d - 2 rations


   Skills:
 + Level 7.3 Short Blades
 - Level 3.0 Dodging
 + Level 19.7 Stealth
 + Level 8.4 Spellcasting
 * Level 11.6 Hexes


You had 17 spell levels left.
You knew the following spells:

 Your Spells              Type           Power        Failure   Level  Hunger
a - Corona                Hex            #####..      1%          1    None
b - Ensorcelled Hibernat  Hex/Ice        ####..       1%          2    None
c - Confuse               Hex            #####...     1%          3    #......

Your spell library contained the following spells:

 Spells                   Type           Power        Failure   Level  Hunger
 Tukima's Dance           Hex            #####...     1%          3    #......
 Dazzling Spray           Conj/Hex       ####..       3%          3    #......


Dungeon Overview and Level Annotations

Branches:
Dungeon (1/1)

Altars:
Cheibriados
Dithmenos
Elyvilon
Fedhas
Gozag
Hepliaklqana
Kikubaaqudgha
Nemelex Xobeh
Okawaru
Qazlal
Ru
Sif Muna
Trog
Uskayaw
Vehumet
Wu Jian
Yredelemnul
Zin
The Shining One

Shops:
D **[


Innate Abilities, Weirdness & Mutations

You are very small and have problems with some larger weapons.
You are too small for most types of armour.
You have supernaturally acute eyesight. (SInv)
You are a herbivore.
You cover ground extremely quickly.
You need to consume almost no food.


Message History

You enter the shallow water.
Moving in this stuff is going to be slow.
The centaur warrior completely misses you. x2
The centaur warrior hits you.
Found a trident.
Casting: Ensorcelled Hibernation (safe; 1% risk of failure)
Confirm with . or Enter, or press ? or * to list all spells.
Aiming: Ensorcelled Hibernation (safe; 1% risk of failure)
Press: ? - help, Shift-Dir - straight line, f - centaur warrior
Aim: a centaur warrior (purple smoke, chance to defeat MR: 37%)
The centaur warrior easily resists.
The centaur warrior hits you! x3
* * * LOW HITPOINT WARNING * * *
Casting: Ensorcelled Hibernation (safe; 1% risk of failure)
Confirm with . or Enter, or press ? or * to list all spells.
Aiming: Ensorcelled Hibernation (safe; 1% risk of failure)
Press: ? - help, Shift-Dir - straight line, f/p - centaur warrior
Aim: a centaur warrior (purple smoke, chance to defeat MR: 37%)
The centaur warrior easily resists.
The centaur warrior hits you!
You die...
Your body crumbles into a pile of gold.

##############
.#..'..#.)'..# $$ $$
.'[.#.)'..#..+ $$ $
.#####'#####'# ### $
.####..#...#.####§)# $
$
.#__####..##.#≈§§§§#$$
$ .#_____##'#_.+§c§§§+
$
⌠#_.∩...'..._#≈c@§§#$$
$$
##_..__##_.#'##§####
$#_____###'#.#.§§§###
$
##########.####'###(##
$
^.......'...'.....'.∩#
$$
#++++####.).##########
$ $$ $$ ##.##


$$$$$ $#+#$ $ $$$$$ $ $ $ $$$$$ You could see 2 centaur warriors.

Vanquished Creatures
  Sonja (D)
  A deep troll (D)
  Sigmund (D)
  A yak (D)
  An ogre (D)
  A jelly (D)
  Ijyb (D)
7 creatures vanquished.

Vanquished Creatures (others)
  A gargoyle (D)
1 creature vanquished.

Grand Total: 8 creatures vanquished

Notes
Turn   | Place    | Note
-------+----------+-------------------------------------------
     0 | D        | wilfster70 the Spriggan Enchanter began the quest for the
                  | Orb.
     0 | D        | Reached XP level 1. HP: 9/9 MP: 5/5
     1 | D        | Noticed Ijyb
    11 | D        | Killed Ijyb
    11 | D        | Reached skill level 9 in Stealth
    11 | D        | Reached XP level 2. HP: 13/13 MP: 6/6
    54 | D        | Learned a level 2 spell: Ensorcelled Hibernation
    58 | D        | Noticed an ogre
    61 | D        | Killed an ogre
    61 | D        | Reached skill level 14 in Stealth
    61 | D        | Reached XP level 3. HP: 16/16 MP: 8/8
    61 | D        | Reached XP level 4. HP: 21/21 MP: 9/9
    73 | D        | Learned a level 3 spell: Confuse
    74 | D        | Noticed Sigmund
    77 | D        | Killed Sigmund
    77 | D        | Reached skill level 17 in Stealth
    77 | D        | Reached XP level 5. HP: 24/24 MP: 10/10
    89 | D        | Found a deep blue altar of Sif Muna.
    90 | D        | Found an ornate altar of the Wu Jian Council.
    91 | D        | Found a radiant altar of Vehumet.
   130 | D        | Reached skill level 18 in Stealth
   130 | D        | Reached XP level 6. HP: 16/28 MP: 0/11
   289 | D        | Found Ipriassen's General Store.
   289 | D        | Found an ancient bone altar of Kikubaaqudgha.
   289 | D        | Found a hazy altar of Hepliaklqana.
   289 | D        | Found a hide-covered altar of Uskayaw.
   289 | D        | Found a basalt altar of Yredelemnul.
   289 | D        | Found an opulent altar of Gozag.
   289 | D        | Found a snail-covered altar of Cheibriados.
   289 | D        | Found a sacrificial altar of Ru.
   289 | D        | Found a shadowy altar of Dithmenos.
   289 | D        | Noticed a yak
   290 | D        | Found a stormy altar of Qazlal.
   290 | D        | Found a blossoming altar of Fedhas.
   290 | D        | Found a bloodstained altar of Trog.
   290 | D        | Found an iron altar of Okawaru.
   290 | D        | Found a glowing golden altar of the Shining One.
   290 | D        | Found a glowing silver altar of Zin.
   290 | D        | Found a white marble altar of Elyvilon.
   291 | D        | Killed a yak
   292 | D        | Found a sparkling altar of Nemelex Xobeh.
   299 | D        | Became a worshipper of Gozag Ym Sagoz the Greedy
   306 | D        | Noticed Sonja
   310 | D        | Killed Sonja
   310 | D        | Reached skill level 19 in Stealth
   310 | D        | Reached skill level 10 in Hexes
   310 | D        | Reached XP level 7. HP: 32/32 MP: 12/18
   327 | D        | Found Osmoman's General Store.
   370 | D        | Killed a gargoyle
   425 | D        | Noticed a deep troll
   445 | D        | Killed a deep troll
   445 | D        | Reached XP level 8. HP: 5/36 MP: 12/21
   463 | D        | Found Kaulepn's Armour Emporium.
   723 | D        | Noticed a centaur warrior
   723 | D        | Noticed a centaur warrior
   726 | D        | Mangled by a centaur warrior

Skill      XL: |  1  2  3  4  5  6  7 |
---------------+----------------------+-----
Stealth        | 9 14 17 18 19 | 19.7
Spellcasting   | 3 7 8 |  8.4
Hexes          | 4 10 11 | 11.6
Short Blades   | 6 7 |  7.3
Dodging        | |  3.0

Action                   |  1- 3 |  4- 6 |  7- 9 || total
-------------------------+-------+-------+-------++-------
Melee: Dagger            |     9 |     5 |     1 ||    15
 Cast: Ensorcelled Hiber |       |     4 |     6 ||    10
  Use: Potion            |     1 |       |       ||     1
 Stab: Sleeping          |     1 |     4 |     1 ||     6
Dodge: Dodged            |     5 |     2 |     2 ||     9
